 Dungeon Sprint DCSS version 0.14-a0-3545-g7d9ef9c (webtiles) character file.

502 Froboctopus the Cudgeler (level 5, -10/36 HPs)
             Began as a Gargoyle Chaos Knight on Mar 28, 2014.
             Was a Plaything of Xom.
             Mangled by an elephant slug (18 damage)
             ... in the Dungeon (Sprint I: "Red Sonja").
             The game lasted 00:01:28 (565 turns).

Froboctopus the Cudgeler (Gargoyle Chaos Knight)     Turns: 565, Time: 00:01:28

HP -10/36        AC  9     Str 16      XL: 5   Next: 83%
MP   5/5         EV 12     Int 13      God: Xom
Gold 297         SH  0     Dex  9      Spells:  0 memorised,  4 levels left

rFire  . . .     SeeInvis .     a - +0,-1 mace (chaos)
rCold  . . .     Clarity  .     b - +2 leather armour
rNeg   + . .     Conserve .     (no shield)
rPois  +         rCorr    .     (no helmet)
rElec  +         rRot     +     (no cloak)
SustAb . .       Spirit   .     (no gloves)
rMut   .         Warding  .     (no boots)
Saprov . . .     NoTele   +     (no amulet)
MR     .....                    (no ring)
                                (no ring)

@: not resistant to hostile enchantments, very unstealthy
A: life protection 1, electricity resistance, unbreathing, petrification
resistance, AC +4
a: Renounce Religion


You were in the Dungeon.
You worshipped Xom.
You were a toy of Xom.
You were not hungry.

You visited 1 branch You collected 297 gold pieces.

Inventory:

Hand weapons
 a - a +0,-1 mace of chaos (weapon)
Armour
 b - a +2 leather armour (worn)
Magical devices
 h - a wand of teleportation (2)
Comestibles
 c - a bread ration
Scrolls
 i - a scroll of blinking
Potions
 d - 2 potions of curing
 e - a potion of heal wounds
 f - a potion of haste
 g - 2 potions of magic


   Skills:
 + Level 5.7 Fighting
 * Level 7.5 Maces & Flails
 * Level 7.0 Armour
 * Level 5.1 Dodging


You had 4 spell levels left.
You didn't know any spells.

Dungeon Overview and Level Annotations

Branches:
Dungeon (1/1)

Altars:
Kikubaaqudgha
Makhleb
Sif Muna
Trog
Zin

Shops:
D [


Innate Abilities, Weirdness & Mutations

You are resistant to torment.
You are immune to poison.
You are immune to rotting.
Your stone body is very resilient (AC +4).
You resist negative energy.
You are resistant to electric shocks.
You can survive without breathing.
You are immune to petrification.


Message History

You hit the elephant slug. You burn the elephant slug.
The elephant slug is heavily wounded.
You hit the elephant slug but do no damage.
The elephant slug is heavily wounded.
Xom almost notices you.
Your head hurts.
The elephant slug barely misses you.
Xom smirks.
You detect items!
You thump the elephant slug!
There is a sudden explosion of sparks!
The elephant slug is severely wounded.
You barely miss the elephant slug.
The elephant slug is severely wounded.
You hit the elephant slug but do no damage.
The elephant slug is severely wounded.
You hit the elephant slug.
The elephant slug is poisoned.
The elephant slug is almost dead.
The elephant slug bites you!
Ouch! That really hurt!
You die...
Xom giggles madly!

################
#<.#..)..#.)'..#
∆∆ ∆∆ ∆
#..'..#..'..#..+
∆∆ ∆
#..#####'#####'#
∆ #..#
#..#...#(# ∆∆ ∆
#..#_.####..##@#
∆∆
#[.#.....##'#j.+
#⌠⌠#_.∩...'..._#
∆∆
####.....##_.#'#
∆∆ _._
##+#.#∆∆∆∆ ∆ #
### ∆ ∆ ∆ ∆ ∆∆
∆∆ ∆ ∆ ∆ ∆ ∆ ∆ ∆


You could see an elephant slug.

Vanquished Creatures
  An ogre (D)
  Sigmund (D)
  A jelly (D)
  Ijyb (D)
4 creatures vanquished.

Notes
Turn   | Place    | Note
--------------------------------------------------------------
     0 | D        | Froboctopus, the Gargoyle Chaos Knight, began the quest for the Orb.
     0 | D        | Reached XP level 1. HP: 14/14 MP: 1/1
     1 | D        | Noticed Ijyb
    52 | D        | Killed Ijyb
    52 | D        | Reached skill level 4 in Maces & Flails
    52 | D        | Reached XP level 2. HP: 2/20 MP: 2/2
   352 | D        | Noticed an ogre
   357 | D        | Killed an ogre
   357 | D        | Reached skill level 6 in Maces & Flails
   357 | D        | Reached skill level 5 in Armour
   357 | D        | Reached XP level 3. HP: 25/25 MP: 3/3
   357 | D        | Reached XP level 4. HP: 30/30 MP: 4/4
   395 | D        | Noticed Sigmund
   402 | D        | Killed Sigmund
   402 | D        | Reached skill level 5 in Fighting
   402 | D        | Reached skill level 7 in Maces & Flails
   402 | D        | Reached XP level 5. HP: 24/35 MP: 5/5
   504 | D        | Found a glowing silver altar of Zin.
   505 | D        | Noticed a jelly
   506 | D        | Found a glowing silver altar of Zin.
   510 | D        | Killed a jelly
   510 | D        | Reached skill level 5 in Dodging
   538 | D        | Found Merpha's Armour Emporium.
   538 | D        | Found a bloodstained altar of Trog.
   538 | D        | Found a deep blue altar of Sif Muna.
   538 | D        | Found an ancient bone altar of Kikubaaqudgha.
   538 | D        | Found a burning altar of Makhleb.
   538 | D        | Noticed an elephant slug
   555 | D        | XOM: harmless Divn miscast
   556 | D        | XOM: divination: detect items
   565 | D        | Mangled by an elephant slug

Action                   |  1- 3 |  4- 6 || total
-------------------------+-------+-------++-------
Melee: Mace              |    41 |    27 ||    68
Evoke: Wand              |       |     1 ||     1
  Use: Potion            |     1 |       ||     1
 Stab: Paralysed         |       |     8 ||     8
